 Dungeon Crawl Stone Soup version 0.29.1-12-g30fa7ad0bf (webtiles) character file.

Game seed: 15500756633981307840

2420 sweetbreads the Jinx (level 9, -12/39 HPs)
             Began as a Spriggan Enchanter on Jan 8, 2023.
             Killed from afar by a hellion (23 damage)
             ... with damnation
             ... on level 2 of the Abyss.
             The game lasted 00:23:40 (5670 turns).

sweetbreads the Jinx (Spriggan Enchanter)           Turns: 5670, Time: 00:23:40

Health: -12/39     AC:  6    Str:  4    XL:     9   Next: 24%
Magic:  12/14      EV: 34    Int: 21    God:
Gold:   374        SH:  0    Dex: 15    Spells: 6/14 levels left

rFire   . . .      SeeInvis +   a - +4 dagger (vorpal)
rCold   . . .      Faith    .   (no shield)
rNeg    . . .      Spirit   .   v - +1 robe
rPois   .          Reflect  .   (helmet restricted)
rElec   .          Harm     .   j - +2 cloak
rCorr   .          Rampage  .   (gloves unavailable)
Will    +....                   (boots unavailable)
Stlth   ++++......              y - amulet of the acrobat
HPRegen 0.13/turn               (no ring)
MPRegen 0.14/turn               (no ring)

@: acrobatic, very quick
A: very small, no large weapons, unfitting armour, see invisible, speed 3
a: no special abilities


You were on level 2 of the Abyss.
You visited 1 branch of the dungeon, and saw 7 of its levels.
You visited the Abyss 1 time.

You collected 374 gold pieces.

Inventory:

Hand Weapons
 a - a +4 vorpal dagger (weapon)
 b - a +1 vampiric dagger
 c - a +1 short sword of holy wrath
 e - a +0 whip of electrocution
 f - a +1 dagger
 p - a +0 short sword of draining
Missiles
 o - 9 poisoned darts (quivered)
Armour
 j - a +2 cloak (worn)
 v - a +1 robe (worn)
 B - a +0 buckler
Jewellery
 d - a ring of fire
 y - an amulet of the acrobat (around neck)
Scrolls
 g - a scroll of identify
 l - a scroll of enchant armour
 n - a scroll of fog
Potions
 k - 2 potions of might
 q - 2 potions of flight
 r - 5 potions of curing
 s - a potion of resistance
 t - a potion of cancellation
 x - 5 potions of invisibility
 z - 2 potions of haste
 A - a potion of brilliance


   Skills:
 - Level 6.0 Short Blades
 + Level 5.8 Dodging
 - Level 10.0 Stealth
 - Level 3.0 Spellcasting
 * Level 10.7 Hexes
 - Level 0.4 Ice Magic
 - Level 2.0 Evocations


You had 6 spell levels left.
You knew the following spells:

 Your Spells              Type           Power      Damage    Failure   Level
a - Ensorcelled Hibernat  Hex/Ice        52%        N/A       1%          2
b - Confusing Touch       Hex            48%        N/A       1%          3
c - Tukima's Dance        Hex            48%        N/A       1%          3

Your spell library contained the following spells:

 Spells                   Type           Power      Damage    Failure   Level
 Dazzling Flash           Conj/Hex       50%        N/A       4%          3
 Summon Mana Viper        Hex/Summ       25%        N/A       38%         5
 Summon Forest            Summ/Tloc      1%         N/A       98%         5
 Summon Cactus Giant      Summ           1%         N/A       100%        6


Dungeon Overview and Level Annotations

Branches:
Dungeon (7/15)
 Temple: D:4-7

Altars:
Nemelex Xobeh
Uskayaw

Annotations:
D:7 Joseph


Innate Abilities, Weirdness & Mutations

You are very small and have problems with some larger weapons.
You are too small for most types of armour.
You have supernaturally acute eyesight. (SInv)
You cover ground extremely quickly. (Speed+++)


Message History

A blizzard demon comes into view.
The blizzard demon shouts!
A hellion comes into view.
The hellion gives a hideous shriek!
Found four items.
An efreet, a naga warrior simulacrum and an ice devil come into view.
The efreet is wielding a +2 scimitar of flaming.
You see here a scroll of enchant armour.
Unknown command.
Unknown command.
You see here 25 gold pieces.
You now have 332 gold pieces (gained 25).
The red draconian hits you from afar with a +0 glaive!!
* * * LOW HITPOINT WARNING * * *
Unknown command.
Unknown command.
Unknown command.
You feel much better. The red draconian misses you.
Unknown command.
Unknown command.
The blizzard demon waves its arms in wide circles.
The air twists around and strikes you!
* * * LOW HITPOINT WARNING * * *
You see here a scroll of enchant armour.
Unknown command.
Unknown command.
Unknown command.
The hellion misses you.
You see here 42 gold pieces.
You now have 374 gold pieces (gained 42).
The hellion closely misses you.
The red draconian is engulfed in blazing flames.
The ice devil hits you but does no damage.
The hellion misses you.
You see here a potion of haste.
The naga warrior simulacrum completely misses you. x2
The hellion gestures at you.
The sphere of damnation explodes!
The damnation engulfs you!!
Ouch! That really hurt!
You die...

....# #...##
#(.R≈# #
#.8d# #≈
#?.$#
#≈#284#
#≈.2!#
##.Z.####≈##
#...@.....+
#.........+
#≈.........+
##≈##≈######
## ≈## #


You could see a red draconian, a blizzard demon, an ice devil, a hellion, an
efreet and a naga warrior simulacrum.

Vanquished Creatures
  Pikel (D:7)
  4 yaks (D:7)
  A steam dragon (D:6)
  3 black bears (D:4)
  2 ice beasts
  A sky beast (D:7)
  2 ogres
  2 lemures (D:7)
  A necrophage (D:5)
  2 hounds (D:5)
  A jelly (D:5)
  An orc priest (D:5)
  A gnoll bouda (D:4)
  Jessica (D:3)
  3 iguanas
  3 orc wizards
  11 adders
  3 worms
  4 dart slugs
  9 orcs
  5 bats
  8 endoplasms
  6 giant cockroaches
  6 goblins
  8 hobgoblins
  8 quokkas
  4 ball pythons
  5 frilled lizards
  13 kobolds
  4 rats
123 creatures vanquished.

Notes
Turn   | Place    | Note
-------+----------+-------------------------------------------
     0 | D:1      | sweetbreads the Spriggan Enchanter began the quest for the
                  | Orb.
     0 | D:1      | Reached XP level 1. HP: 9/9 MP: 5/5
   486 | D:1      | Reached XP level 2. HP: 13/13 MP: 6/6
   490 | D:1      | Learned a level 2 spell: Ensorcelled Hibernation
  1321 | D:2      | Reached XP level 3. HP: 16/16 MP: 8/8
  1325 | D:2      | Learned a level 3 spell: Confusing Touch
  1329 | D:2      | Learned a level 3 spell: Tukima's Dance
  1537 | D:2      | Reached skill level 5 in Stealth
  2195 | D:2      | Reached XP level 4. HP: 21/21 MP: 6/9
  2248 | D:2      | Found a faded altar of an unknown god.
  2873 | D:3      | Reached XP level 5. HP: 24/24 MP: 5/10
  3057 | D:4      | Noticed an ogre
  3060 | D:4      | Killed an ogre
  3125 | D:3      | Noticed Jessica
  3132 | D:3      | Killed Jessica
  3133 | D:3      | Reached XP level 6. HP: 28/28 MP: 9/11
  3375 | D:4      | Reached skill level 5 in Hexes
  3597 | D:4      | Reached skill level 10 in Stealth
  3628 | D:4      | Reached XP level 7. HP: 32/32 MP: 12/12
  3977 | D:5      | Entered Level 5 of the Dungeon
  4280 | D:4      | Found a sparkling altar of Nemelex Xobeh.
  4280 | D:4      | Found a hide-covered altar of Uskayaw.
  4749 | D:5      | Reached XP level 8. HP: 30/36 MP: 9/13
  4832 | D:5      | Reached skill level 5 in Dodging
  5342 | D:7      | Reached skill level 5 in Short Blades
  5414 | D:7      | Noticed Joseph
  5427 | D:7      | Reached XP level 9. HP: 39/39 MP: 7/14
  5549 | D:7      | Noticed Pikel
  5558 | D:7      | Killed Pikel
  5559 | D:7      | Reached skill level 10 in Hexes
  5640 | Abyss:2  | Cast into level 2 of the Abyss (Joseph)
  5646 | Abyss:2  | Found a corrupted altar of Lugonu.
  5660 | Abyss:2  | Noticed a red draconian
  5660 | Abyss:2  | Noticed a blizzard demon
  5660 | Abyss:2  | Noticed a hellion
  5661 | Abyss:2  | Noticed an efreet
  5661 | Abyss:2  | Noticed an ice devil
  5670 | Abyss:2  | Killed from afar by a hellion

Illustrated notes

Levels and vault maps discovered:
D:1:      lemuel_arrival_river_bridge, layout_basic, serial_glass,
          glass_columns_b, glass_columns_b, glass_columns_b, glass_columns_a,
          glass_columns_a, glass_columns_a, minmay_box_of_dots
D:2:      minmay_inner_zag, layout_basic, hellmonk_ecumenical_altar_run_dry
D:3:      layout_rooms, chequers_serial_rivers_marsh, uniq_jessica
D:4:      minmay_bubble_buster, layout_loops_ring,
          gammafunk_temple_overflow_elements
D:5:      layout_loops_ring
D:6:      layout_basic, minmay_temple_entry_enclosed_plants, uniq_sigmund
D:7:      layout_basic, enter_bailey_5, uniq_joseph, uniq_pikel
Abyss:2:  base: D:6, hangedman_elemental_corridor

Skill      XL: |  1  2  3  4  5  6  7  8  9 |
---------------+----------------------------+-----
Hexes          | 4 5 7 9 10 | 10.7
Spellcasting   | 3 |  3.0
Dodging        | 3 4 5 |  5.8
Short Blades   | 2 3 5 6 |  6.0
Stealth        | 5 6 8 10 | 10.0
Evocations     | 2 |  2.0
Ice Magic      | |  0.4

Action                   |  1- 3 |  4- 6 |  7- 9 || total
-------------------------+-------+-------+-------++-------
Melee: Dagger            |    95 |    81 |    83 ||   259
       Punch             |     2 |       |     2 ||     4
       Short sword       |       |       |     6 ||     6
 Cast: Ensorcelled Hiber |    12 |    16 |    24 ||    52
       Confusing Touch   |       |       |     3 ||     3
  Use: Scroll            |       |       |    17 ||    17
       Potion            |       |       |     1 ||     1
 Stab: Sleeping          |    19 |    28 |    37 ||    84
       Confused          |       |       |     3 ||     3
Armor: Robe              |    11 |    16 |     8 ||    35
Dodge: Dodged            |    51 |    45 |    42 ||   138
